AoeStats
← NDF

Black Forest

509771587Analyzed
2v2 RM · 3d ago on Sep 28, 2026· 67m 12s· 4 players
Game mode
Random Map
Map size
Medium (4 player)
Population
200
Speed
Normal
Resources
Standard
Victory
Conquest
Starting age
Dark Age
Ending age
Imperial Age
RankedLock teamsTeams togetherTeam positionsShared explorationLock speedFull tech treeHidden civsTurbo modeCheats
Victory
Defeat
🇮🇳 Tatars · India
766
+14
🇩🇪 Huns · Germany
751
+32
🇦🇷 Teutons · Argentina
728
-15
🇦🇷 Spanish · Argentina
717
-14
NDF
3:22 Loom
15:09 Feudal Age
15:24 Man-at-Arms
23:23 Castle Age
21:48 Horse Collar
21:57 Double-Bit Axe
22:09 Gold Mining
23:13 Stone Mining
26:22 Stone Shaft Mining
26:13 Forging
26:06 Padded Archer Armor
25:56 Fletching
26:08 Scale Mail Armor
28:56 Wheelbarrow
28:06 Town Watch
35:27 Imperial Age
34:29 Masonry
34:43 Heavy Plow
35:42 Iron Casting
35:25 Leather Archer Armor
36:08 Hand Cart
36:33 Ironclad
38:35 Blast Furnace
38:28 Arson
38:43 Squires
38:05 Pikeman
39:27 Town Patrol
39:49 Heavy Scorpion
40:19 Elite Skirmisher
43:08 Elite Teutonic Knight
44:25 Hoardings
43:38 Capped Ram
44:46 Sappers
46:17 Caravan
46:48 Coinage
52:11 Chain Mail Armor
52:03 Scale Barding Armor
52:29 Ring Archer Armor
53:27 Fortified Wall
59:41 Crop Rotation
estebanpa
1:15 Loom
11:10 Feudal Age
12:00 Double-Bit Axe
12:02 Horse Collar
18:20 Castle Age
19:37 Bow Saw
19:32 Heavy Plow
20:47 Gold Mining
28:03 Imperial Age
26:54 Stone Mining
27:12 Scale Barding Armor
27:08 Scale Mail Armor
27:19 Forging
27:49 Squires
27:12 Pikeman
28:54 Chain Mail Armor
29:00 Chain Barding Armor
28:26 Halberdier
33:27 Two-Man Saw
33:02 Plate Mail Armor
33:08 Iron Casting
33:09 Plate Barding Armor
33:48 Ballistics
33:25 Murder Holes
34:31 Stone Shaft Mining
36:38 Blast Furnace
43:19 Elite Conquistador
51:21 Inquisition
51:42 Supremacy
51:50 Caravan
52:21 Coinage
61:37 Wheelbarrow
63:44 Cavalier
64:35 Bloodlines
64:27 Husbandry
65:55 Paladin
devil
0:27 Loom
10:56 Feudal Age
18:05 Castle Age
16:17 Double-Bit Axe
20:26 Wheelbarrow
19:36 Town Watch
20:29 Stone Mining
20:57 Bow Saw
20:32 Horse Collar
21:15 Heavy Plow
21:59 Town Watch
25:20 Wheelbarrow
28:10 Pikeman
33:19 Imperial Age
32:32 Wheelbarrow
32:15 Forging
31:55 Fletching
33:19 Scale Barding Armor
33:14 Padded Archer Armor
35:00 Chemistry
37:20 Bloodlines
36:31 Light Cavalry
39:26 Ballistics
39:19 Husbandry
39:42 Caravan
40:13 Bodkin Arrow
40:15 Treadmill Crane
41:33 Onager
42:37 Elite Skirmisher
44:36 Conscription
45:52 Silk Armor
47:03 Elite Keshik
49:15 Hussar
50:01 Bracer
50:37 Iron Casting
52:21 Timurid Siegecraft
55:35 Heavy Cavalry Archer
59:00 Leather Archer Armor
59:45 Blast Furnace
62:23 Chain Barding Armor
62:33 Ring Archer Armor
64:34 Plate Barding Armor
64:31 Masonry
64:26 Siege Engineers
Bot 1
0:28 Loom
12:22 Feudal Age
12:42 Horse Collar
13:33 Double-Bit Axe
16:29 Wheelbarrow
21:04 Castle Age
19:37 Gold Mining
19:47 Stone Mining
23:01 Bow Saw
23:55 Gold Shaft Mining
23:59 Hand Cart
25:53 Heavy Plow
29:53 Scale Barding Armor
35:46 Imperial Age
34:17 Town Watch
34:54 Caravan
36:46 Cavalier
37:27 Husbandry
36:48 Light Cavalry
38:52 Town Patrol
38:48 Paladin
39:56 Conscription
41:42 Two-Man Saw
42:04 Chain Barding Armor
41:55 Forging
42:43 Bloodlines
49:56 Elite Tarkan
51:59 Marauders
60:38 Hussar
Connection lost

Rejoining the realm…

Still unreachable

The connection could not be restored.

Session expired

The server has moved on; the page needs a fresh start.